 Dungeon Crawl Stone Soup version 0.26-a0-660-gc07710193c (webtiles) character file.

Game seed: 2072938626078925697

485 marklar909 the Bolt Thrower (level 7, 0/55 HPs)
             Began as a Barachi Hunter on Oct 5, 2020.
             Was a Follower of Fedhas.
             Slain by an orc
             ... wielding a +2 mace of draining
              (4 damage)
             ... on level 2 of the Dungeon.
             The game lasted 00:05:19 (3921 turns).

marklar909 the Bolt Thrower (Barachi Hunter)        Turns: 3921, Time: 00:05:20

Health: 0/55       AC:  3    Str: 14    XL:     7   Next: 13%
Magic:  7/7        EV: 10    Int: 11    God:    Fedhas [*.....]
Gold:   154        SH:  0    Dex: 14    Spells: 6/6 levels left

rFire    . . .     SeeInvis .   b - +0 short sword
rCold    . . .     Faith    .   (no shield)
rNeg     . . .     Spirit   .   c - +0 leather armour
rPois    .         Reflect  .   (no helmet)
rElec    .         Harm     .   (no cloak)
rCorr    .         Rampage  .   (no gloves)
MR       .....                  (no boots)
Stlth    +.........             (no amulet)
HPRegen  0.18/turn              (no ring)
MPRegen  0.10/turn              (no ring)

@: can't hop, very heavily drained, slow
A: +LOS, swims, slowness 1, strong legs 1
a: Hop, Renounce Religion


You were on level 2 of the Dungeon.
You worshipped Fedhas.
Fedhas was aware of your devotion.
You visited 2 branches of the dungeon, and saw 5 of its levels.

You collected 154 gold pieces.

Inventory:

Hand Weapons
 a - a +1 hand crossbow
 b - a +0 short sword (weapon)
Missiles
 d - 4 bolts
 g - 11 arrows
Armour
 c - a +0 leather armour (worn)
 o - a +0 buckler
Scrolls
 h - a scroll of remove curse {unknown}
 i - 4 scrolls of identify {unknown}
 l - 2 scrolls of teleportation {unknown}
 m - a scroll of blinking {unknown}
 q - a scroll of immolation {unknown}
Potions
 e - a potion of curing {unknown}
 f - a potion of haste {unknown}
 j - a potion of resistance {unknown}
 k - a potion of berserk rage {unknown}
 n - a potion of might {unknown}
 p - a potion of heal wounds {unknown}


   Skills:
 + Level 4.3(0.0) Fighting
 + Level 1.3(0.0) Short Blades
 + Level 7.0(2.1) Crossbows
 + Level 2.5(0.0) Armour
 + Level 2.4(0.0) Dodging
 + Level 1.2(0.0) Stealth


You had 6 spell levels left.
You didn't know any spells.
Your spell library was empty.

Dungeon Overview and Level Annotations

Branches:
Dungeon (4/15)             Temple (1/1) D:4

Altars:
Fedhas
Gozag
Nemelex Xobeh
Qazlal
Vehumet
The Shining One


Innate Abilities, Weirdness & Mutations

You can be seen from farther away. (+LOS)
You can swim through water.
You cover ground slowly.
You can hop short distances.


Message History

Boing!
You barely miss the orc. The orc misses you.
You closely miss the orc.
The orc hits you with a +2 mace of draining.
* * * LOW HITPOINT WARNING * * *
You feel drained.
You barely miss the orc.
The orc hits you with a +2 mace of draining.
* * * LOW HITPOINT WARNING * * *
You feel drained.
You hit the orc.
The orc is moderately wounded.
Your leather armour prevents you from hitting the orc.
The orc is moderately wounded.
The orc closely misses you.
You hit the orc.
The orc is heavily wounded.
The orc hits you with a +2 mace of draining.
You die...
Fedhas appreciates your contribution to the ecosystem.

# ########.....# #.######
# #............# #......#
# #..........### ######.#
# #..........# #.#
####..........###### #.#
.(........))...)>).# #.#
.......#####'#####.# #.#
.......# #.#####.# #.#
.......# #....@o.# #.#
.......############# #.#
...............##.# #.#
........######.##.######.#
[.(........# #........##.#
####.......# ########.##.#
#.......# #.......##.#
###..#### #.#####.##.# #
#..# #...).#.##.#


You could see an orc.

Vanquished Creatures
  Sigmund (D:2)
  4 orc wizards
  Terence (D:2)
  4 gnolls
  4 adders
  An ooze (D:2)
  2 worms
  A dart slug (D:2)
  3 leopard geckos
  14 orcs
  6 giant cockroaches
  4 goblins
  11 hobgoblins
  6 jackals
  9 bats
  5 frilled lizards
  4 kobolds
  8 rats
88 creatures vanquished.

Vanquished Creatures (others)
  3 fungi (D:2)
  9 plants (D:2)
  10 toadstools (D:2)
22 creatures vanquished.

Grand Total: 110 creatures vanquished

Notes
Turn   | Place    | Note
-------+----------+-------------------------------------------
     0 | D:1      | marklar909 the Barachi Hunter began the quest for the Orb.
     0 | D:1      | Reached XP level 1. HP: 17/17 MP: 1/1
    79 | D:1      | Reached XP level 2. HP: 23/23 MP: 2/2
   461 | D:1      | Reached XP level 3. HP: 27/28 MP: 3/3
   855 | D:2      | Reached skill level 5 in Crossbows
   912 | D:2      | Noticed Sigmund
   929 | D:2      | Killed Sigmund
   929 | D:2      | Reached skill level 6 in Crossbows
   929 | D:2      | Reached skill level 1 in Armour
   929 | D:2      | Reached skill level 1 in Stealth
   929 | D:2      | Reached XP level 4. HP: 26/35 MP: 4/4
   929 | D:2      | Reached XP level 5. HP: 31/41 MP: 5/5
  1260 | D:2      | Noticed Terence
  1280 | D:2      | Killed Terence
  1280 | D:2      | Reached XP level 6. HP: 39/47 MP: 6/6
  1348 | D:2      | Found a blossoming altar of Fedhas.
  1368 | D:2      | Noticed an oklob plant
  1373 | D:2      | Became a worshipper of Fedhas Madash
  1451 | D:2      | Found a radiant altar of Vehumet.
  1905 | D:2      | Found a glowing golden altar of the Shining One.
  2431 | D:3      | Reached * piety under Fedhas
  2469 | D:3      | Found a stormy altar of Qazlal.
  3462 | D:3      | Found an opulent altar of Gozag.
  3529 | D:3      | Reached skill level 7 in Crossbows
  3532 | D:3      | Reached XP level 7. HP: 54/54 MP: 7/7
  3620 | D:4      | Found a staircase to the Ecumenical Temple.
  3630 | Temple   | Entered the Ecumenical Temple
  3657 | D:4      | Reached skill level 1 in Short Blades
  3921 | D:2      | Slain by an orc

Illustrated notes

Levels and vault maps discovered:
D:1:      lemuel_arrival_river_bridge, layout_loops_ring, st_stairs_10
D:2:      layout_basic, tgw_fedhas, marbit_many_paths,
          overflow_temple_1_default, uniq_terence, uniq_sigmund
D:3:      layout_rooms, grunt_qazlal_sundering, nrook_campfire,
          lemuel_statue_altar
D:4:      layout_basic, nicolae_ru_great_annihilating_truth,
          kennysheep_mini_moat, minmay_temple_entry_butterflies
Temple:   eino_wide_crystal_templ

Skill      XL: |  1  2  3  4  5  6  7 |
---------------+----------------------+-----
Crossbows      | 6 7 |  7.0
Fighting       | 3 4 |  4.3
Armour         | 1 2 |  2.5
Stealth        | 1 |  1.2
Short Blades   | 1 |  1.3
Dodging        | |  2.4

Action                   |  1- 3 |  4- 6 |  7- 9 || total
-------------------------+-------+-------+-------++-------
Melee: Short sword       |       |    70 |    26 ||    96
 Fire: Hand crossbow     |    63 |    96 |     9 ||   168
 Abil: Hop               |       |     3 |     2 ||     5
Armor: Leather armour    |     3 |    16 |     8 ||    27
Dodge: Dodged            |     7 |    87 |    23 ||   117

Table legend: (Time is in decaauts)
 A = Elapsed time spent in this place.
 B = Non-inter-level travel time spent in this place.
 C = Inter-level travel time spent in this place.
 D = Time resting spent in this place.
 E = Time spent auto-exploring this place.
 F = Levels seen in this place.
 G = Mean time per level.
                   A        B        C        D        E       F      G
               +--------+--------+--------+--------+--------+-----+--------+
         Total |   4350 |   4143 |    207 |   1267 |   2204 |   5 |  870.0 |
       Dungeon |   4348 |   4141 |    207 |   1267 |   2204 |   4 | 1087.0 |
        Temple |      1 |      1 |      0 |      0 |      0 |   1 |    1.0 |
               +--------+--------+--------+--------+--------+-----+--------+

Top non-repeatable levels by time:
     D:2: 2758 daAuts
     D:1: 965 daAuts
     D:3: 548 daAuts
     D:4: 76 daAuts
  Temple: 1 daAuts
